 Dungeon Crawl Stone Soup version 0.16-a0-3280-g3a29b53 (webtiles) character file.

25 Minkie the Sneak (level 2, -1/19 HPs)
             Began as a Vampire Enchanter on Dec 24, 2014.
             Slain by an adder (2 damage)
             ... on level 2 of the Dungeon.
             The game lasted 00:02:38 (1150 turns).

Minkie the Sneak (Vampire Enchanter)                Turns: 1150, Time: 00:02:38

Health: -1/19      AC:  3    Str:  7    XL:     2   Next: 86%
Magic:  1/4        EV: 13    Int: 17    God:
Gold:   79         SH:  0    Dex: 14    Spells: 2 memorised, 2 levels left

rFire  . . .     SeeInvis +     a - +1 dagger
rCold  + . .     Clarity  .     b - +1 robe
rNeg   + + .     SustAb   .     (no shield)
rPois  +         Gourm    .     (no helmet)
rElec  .         Spirit   .     (no cloak)
rCorr  .         Warding  .     (no gloves)
rMut   .         Stasis   .     (no boots)
MR     .....                    (no amulet)
Stlth  +++.......               (no ring)
                                (no ring)

@: lethally poisoned, very slightly contaminated, regenerating slowly, not
resistant to hostile enchantments, fairly stealthy
A: bottle blood, fangs 3, see invisible, unbreathing
a: no special abilities


You were on level 2 of the Dungeon.
You were thirsty.

You visited 1 branch of the dungeon, and saw 2 of its levels.

You collected 79 gold pieces.

Inventory:

Hand weapons
 a - a +1 dagger (weapon)
Armour
 b - a +1 robe (worn)
Scrolls
 e - a scroll of remove curse {unknown}
 h - a scroll of teleportation {unknown}
 j - a scroll of recharging {unknown}
Potions
 d - a potion of blood
 f - a potion of might {unknown}
 g - a potion of degeneration {unknown}
 i - a potion of beneficial mutation {unknown}
 k - a potion of cancellation {unknown}
 l - a potion of curing {unknown}
Books
 c - a book of Maledictions

   Spells                             Type                      Level
   a - Corona                         Hexes                        1
   b - Sure Blade                     Hexes/Charms                 2
   c - Ensorcelled Hibernation        Hexes/Ice                    2
   d - Confuse                        Hexes                        3
   e - Dazzling Spray                 Conjuration/Hexes            3
   f - Enslavement                    Hexes                        4


   Skills:
 * Level 2.0 Short Blades
 + Level 2.6 Dodging
 + Level 5.0 Stealth
 - Level 2.0 Spellcasting
 + Level 4.6 Hexes


You had 2 spell levels left.
You knew the following spells:

 Your Spells              Type           Power        Failure   Level  Hunger
a - Corona                Hex            ###....      2%          1    #......
b - Ensorcelled Hibernat  Hex/Ice        #.....       14%         2    ###....


Dungeon Overview and Level Annotations

Branches:
Dungeon (2/15)

Altars:
Nemelex Xobeh


Innate Abilities, Weirdness & Mutations

You heal slowly.
You can bottle blood from corpses.
You have razor-sharp teeth.
You have supernaturally acute eyesight.
You can survive without breathing.


Message History

You hit the adder.
The adder is heavily wounded.
You feel sick. The adder bites you.
* * * LOW HITPOINT WARNING * * *
You hit the adder but do no damage. You bite the adder.
You draw the adder's blood!
You feel better.
You feel slightly less thirsty.
The adder is severely wounded.
The adder bites you.
* * * LOW HITPOINT WARNING * * *
You completely miss the adder.
The adder is severely wounded.
The adder bites you.
* * * LOW HITPOINT WARNING * * *
You are more poisoned.
The adder poisons you!
You closely miss the adder. Your bite misses the adder.
The adder is severely wounded.
* * * LOW HITPOINT WARNING * * *
You feel sick. The adder misses you. The adder bites you.
You die...

### ..# #.# #.# # ...
####.## #.#
........####### #.#
#S@.....### #<#
#...........#######.#
#.#
#....................
#.#
.......####.#.###......
#.#
#.##.#######............
#.# #.
.....>.#.###.##... ..# #
#####.....#.##... ###
###....(.....
###........


You could see an adder.

Vanquished Creatures
  An adder (D:2)
  A giant gecko (D:1)
  A giant cockroach (D:2)
  2 goblins
  3 hobgoblins
  3 jackals (D:1)
  A ball python (D:1)
  A bat (D:2)
  A rat (D:1)
14 creatures vanquished.

Notes
Turn   | Place    | Note
--------------------------------------------------------------
     0 | D:1      | Minkie, the Vampire Enchanter, began the quest for the Orb.
     0 | D:1      | Reached XP level 1. HP: 13/13 MP: 3/3
   484 | D:1      | Found a sparkling altar of Nemelex Xobeh.
   591 | D:1      | Reached XP level 2. HP: 19/19 MP: 4/4
   595 | D:1      | Learned a level 2 spell: Ensorcelled Hibernation
   896 | D:2      | Reached skill level 5 in Stealth
  1150 | D:2      | Slain by an adder

Action                   || total
-------------------------++-------
Melee: Dagger            ||    50
 Cast: Ensorcelled Hiber ||     4
 Stab: Sleeping          ||     5
